AoeStats
← E-d-d-i-e91G

Pilgrims

509547990Analyzed
2v2 RM · 6d ago on Sep 27, 2026· 37m 2s· 4 players
Game mode
Random Map
Map size
Medium (4 player)
Population
200
Speed
Normal
Resources
Standard
Victory
Conquest
Starting age
Dark Age
Ending age
Imperial Age
RankedLock teamsTeams togetherTeam positionsShared explorationLock speedFull tech treeHidden civsTurbo modeCheats
Victory
Defeat
🇦🇺 Goths · Australia
456
+12
🇦🇺 Slavs · Australia
435
+12
🇺🇸 Varangians · United States
407
-14
🇦🇺 Koreans · Australia
305
-10
E-d-d-i-e91G
9:50 Feudal Age
11:32 Wheelbarrow
12:21 Horse Collar
12:41 Fishing Lines
13:24 Man-at-Arms
20:12 Stone Mining
21:36 Scale Mail Armor
21:31 Double-Bit Axe
28:45 Town Watch
34:12 Gold Mining
38:54 Castle Age
IAMASTROMAN9714
10:56 Feudal Age
14:24 Wheelbarrow
16:24 Double-Bit Axe
18:56 Horse Collar
22:05 Bloodlines
21:35 Man-at-Arms
AriKaur24
17:22 Loom
28:19 Feudal Age
Kennyccc222
Connection lost

Rejoining the realm…

Still unreachable

The connection could not be restored.

Session expired

The server has moved on; the page needs a fresh start.